 Dungeon Crawl Stone Soup version 0.23.2-40-g277498a001 (webtiles) character file.

Game seed: 5206660443894520055

49 FishyPogo the Skirmisher (level 3, -8/36 HPs)
             Began as a Minotaur Monk on Aug 23, 2019.
             Mangled by Sigmund
             ... wielding a +0 scythe
              (10 damage)
             ... on level 2 of the Dungeon.
             The game lasted 00:05:13 (1700 turns).

FishyPogo the Skirmisher (Minotaur Monk)            Turns: 1700, Time: 00:05:13

Health: -8/36      AC:  5    Str: 13    XL:     3   Next: 51%
Magic:  2/2        EV: 12    Int: 12    God:
Gold:   119        SH:  0    Dex: 12    Spells: 2/2 levels left

rFire    + . .     SeeInvis .   a - +1 mace
rCold    + . .     Gourm    .   (no shield)
rNeg     . . .     Faith    .   h - +0 ring mail
rPois    +         Spirit   .   (helmet unavailable)
rElec    +         Reflect  .   (no cloak)
rCorr    +         Harm     .   (no gloves)
MR       .....                  (no boots)
Stlth    +.........             (no amulet)
HPRegen  0.12/turn              k - -3 ring of strength (curse)
MPRegen  0.08/turn              (no ring)

@: brilliant, resistant, flying
A: retaliatory headbutt, horns 3, robust 1
a: no special abilities


You were on level 2 of the Dungeon.
You were hungry.

You visited 1 branch of the dungeon, and saw 2 of its levels.

You collected 119 gold pieces.

Inventory:

Hand Weapons
 a - a +1 mace (weapon)
Missiles
 e - 39 stones (quivered)
Armour
 h - a +0 ring mail (worn)
Jewellery
 k - a cursed -3 ring of strength (left hand)
Scrolls
 b - 2 scrolls of teleportation {unknown}
 i - 3 scrolls of immolation {unknown}
 j - a scroll of identify {unknown}
 l - a scroll of enchant armour {unknown}
 o - a scroll of remove curse {unknown}
 p - a scroll of noise {unknown}
Comestibles
 c - 3 rations
 g - a chunk of flesh


   Skills:
 * Level 4.2 Fighting
 - Level 4.0 Maces & Flails
 * Level 2.0 Armour
 + Level 3.5 Dodging
 - Level 2.0 Stealth


You had 2 spell levels left.
You didn't know any spells.
Your spell library was empty.

Dungeon Overview and Level Annotations

Branches:
Dungeon (2/15)

Altars:

Annotations:
D:2 Sigmund


Innate Abilities, Weirdness & Mutations

You reflexively headbutt those who attack you in melee.
You have a pair of large horns on your head.
You are robust. (+10% HP)


Message History

You are feeling hungry.
You closely miss something. Something hits you!
You hit something but do no damage. Something hits you!
* * * LOW HITPOINT WARNING * * *
It was a potion of flight.
You feel very buoyant.
You fly up into the air.
It was a potion of mutation.
You feel extremely strange.
You feel robust. The horns on your head grow some more.
Something hits you but does no damage.
It was a potion of brilliance.
You feel clever all of a sudden. Something hits you.
* * * LOW HITPOINT WARNING * * *
It was a potion of resistance.
You feel protected.
As you read the scroll labeled ZUNABLEIDA, it crumbles to dust.
It is a scroll of enchant weapon.
Your +0 mace glows red for a moment.
Something hits you!
You die...

.[...#....................# #....
.......##.......#########.####...
............................##...
#################...#####...##..)
##...#####...##...
#............##...
#####+#....#######.##.##
#..........# #.##.#
#(....{@...#######..#.#
+.......###.....##..#.#
#.......###.....##....#
###.#+#............#..# #.
#.############..# # #.# #..# ###
#..# ##># ###


There were no monsters in sight!

Vanquished Creatures
  2 dart slugs
  A leopard gecko (D:2)
  2 ball pythons (D:1)
  A giant cockroach (D:1)
  5 goblins
  6 hobgoblins
  6 jackals (D:2)
  3 bats
  3 frilled lizards (D:1)
  6 kobolds
  5 rats
40 creatures vanquished.

Notes
Turn   | Place    | Note
-------+----------+-------------------------------------------
     0 | D:1      | FishyPogo the Minotaur Monk began the quest for the Orb.
     0 | D:1      | Reached XP level 1. HP: 19/19 MP: 0/0
   417 | D:1      | Reached XP level 2. HP: 20/27 MP: 1/1
   463 | D:1      | Reached skill level 1 in Armour
   958 | D:2      | Reached XP level 3. HP: 30/33 MP: 2/2
  1681 | D:2      | Noticed Sigmund
  1697 | D:2      | Gained mutation: You are robust. (+10% HP) [potion of
                  | mutation]
  1697 | D:2      | Gained mutation: You have a pair of large horns on your
                  | head. [potion of mutation]
  1700 | D:2      | Mangled by Sigmund

Skill      XL: |  1  2  3 |
---------------+----------+-----
Armour         | 1 2 |  2.0
Stealth        | 2 |  2.0
Fighting       | 4 |  4.2
Maces & Flails | 4 |  4.0
Dodging        | |  3.5

Action                   || total
-------------------------++-------
Melee: Mace              ||    88
       Headbutt          ||    13
Throw: Stone             ||    10
  Use: Potion            ||     4
       Scroll            ||     1
 Stab: Sleeping          ||     4
  Eat: Chunk             ||     2
Armor: Ring mail         ||    26
       Robe              ||     2
Dodge: Dodged            ||    48
